 Dungeon Crawl Stone Soup version 0.17-a0-1475-g9f81d98 (webtiles) character file.

236 mrath the Chucker (level 5, 0/49 HPs)
             Began as a Troll Hunter on July 2, 2015.
             Killed from afar by Blork the orc (6 damage)
             ... with a puff of frost
             ... on level 4 of the Dungeon on July 3, 2015.
             The game lasted 00:41:08 (2984 turns).

mrath the Chucker (Troll Hunter)                    Turns: 2984, Time: 00:41:08

Health: 0/49       AC:  5    Str: 21      XL:     5   Next: 77%
Magic:  4/4        EV: 10    Int:  4 (7)  God:
Gold:   132        SH:  0    Dex: 10      Spells: 0 memorised, 4 levels left

rFire  . . .     SeeInvis .     c - +1 short sword
rCold  . . .     Clarity  .     d - +0 robe
rNeg   . . .     SustAt   .     (no shield)
rPois  +         Gourm    +     (helmet restricted)
rElec  .         Spirit   .     (no cloak)
rCorr  +         Warding  .     (gloves unavailable)
rMut   .         Stasis   .     (boots unavailable)
MR     .....                    r - amulet of resist corrosion
Stlth  +.........               (no ring)
                                t - ring of poison resistance

@: not resistant to hostile enchantments, very unstealthy
A: unfitting armour, claws 3, fast metabolism 3, gourmand, regeneration 2,
shaggy fur 1, tough skin 2
a: no special abilities


You were on level 4 of the Dungeon.
You were not hungry.

You visited 1 branch of the dungeon, and saw 4 of its levels.

You collected 132 gold pieces.

Inventory:

Hand weapons
 a - a +0 dagger of venom
 b - a +0 flail of protection
 c - a +1 short sword (weapon)
 i - a +0 hunting sling
 n - a +0 whip
 q - a cursed -3 spear
Missiles
 h - 7 poisoned needles
 k - 39 sling bullets
 m - 46 bolts
 o - 104 stones (quivered)
Armour
 d - a +0 robe (worn)
 p - a +0 robe
 v - a +0 robe
Jewellery
 r - an amulet of resist corrosion (around neck)
 t - a ring of poison resistance (left claw)
 u - an uncursed amulet of guardian spirit
Magical devices
 w - a wand of frost (25)
Scrolls
 g - a scroll of fear
 j - a scroll of magic mapping
 l - 2 scrolls of remove curse
 B - 4 scrolls of teleportation
 D - a scroll of identify
Potions
 e - a potion of lignification {unknown}
 s - a potion of haste
 C - a potion of resistance
Comestibles
 E - a royal jelly


   Skills:
 + Level 1.9 Fighting
 + Level 1.0 Short Blades
 + Level 5.0 Throwing
 + Level 3.4 Dodging
 + Level 0.8 Stealth


You had 4 spell levels left.
You didn't know any spells.

Dungeon Overview and Level Annotations

Branches:
Dungeon (4/15)
 Temple: D:4-7

Altars:
Fedhas

Annotations:
D:4 Blork the orc


Innate Abilities, Weirdness & Mutations

You are too large for most types of armour.
You have claws for hands.
Your metabolism is lightning-fast.
You like to eat raw meat.
You heal very quickly.
You are covered in fur (AC +1).
You have very tough skin (AC +2).


Message History

Throwing (i - inventory. (,) - cycle):
f - 2 javelins (quivered)
Press: ? - help, Shift-Dir - straight line, f/p - Blork the orc
Aim: Blork the orc, wielding a halberd and wearing a robe (lightly wounded, unusually resistant)
You throw a javelin. The javelin hits Blork the orc!
Blork the orc is heavily wounded.
Blork the orc hits you from afar with a halberd.
* * * LOW HITPOINT WARNING * * *
Drink which item? (? for menu, Esc to quit)
It was a potion of magic.
Magic courses through your body.
Throwing (i - inventory. (,) - cycle):
f - a javelin (quivered)
Press: ? - help, Shift-Dir - straight line, f/p - Blork the orc
Aim: Blork the orc, wielding a halberd and wearing a robe (heavily wounded, unusually resistant)
You throw a javelin. The javelin hits Blork the orc!
Blork the orc is almost dead.
Blork the orc casts a spell.
Blork the orc flickers and vanishes!
Deactivating autopickup; reactivate with Ctrl-A.
A puff of frost appears from out of thin air!
The puff of frost hits you!
You die...

.... ... ..#
..... (. #...
...... #(## #..#
.....#
#.)#####..##....
#<...##...#...
##...........#
#............#
#.@.......<..#
#.........)..###
##.............#
#..........##.#
###........# .#
#.........# #
#.........#
#.........#
#..........#


There were no monsters in sight!

Vanquished Creatures
  An ogre (D:4)
  4 gnolls (D:3)
  3 adders (D:2)
  2 worms (D:3)
  3 giant geckos
  An orc (D:3)
  4 ball pythons
  4 bats
  2 giant cockroaches (D:2)
  17 goblins
  10 hobgoblins
  6 jackals
  6 kobolds
  A quokka (D:2)
  10 giant newts (D:1)
  16 rats
90 creatures vanquished.

Notes
Turn   | Place    | Note
--------------------------------------------------------------
     0 | D:1      | mrath the Troll Hunter began the quest for the Orb.
     0 | D:1      | Reached XP level 1. HP: 19/19 MP: 0/0
   113 | D:1      | Reached XP level 2. HP: 15/27 MP: 1/1
   136 | D:1      | Reached skill level 4 in Throwing
   651 | D:1      | Reached XP level 3. HP: 33/33 MP: 2/2
  1364 | D:2      | Reached XP level 4. HP: 22/42 MP: 3/3
  1815 | D:2      | Found a blossoming altar of Fedhas.
  2329 | D:3      | Reached XP level 5. HP: 49/49 MP: 4/4
  2965 | D:4      | Noticed an ogre
  2966 | D:4      | Noticed Blork the orc
  2975 | D:4      | Killed an ogre
  2975 | D:4      | Reached skill level 1 in Short Blades
  2975 | D:4      | Reached skill level 5 in Throwing
  2984 | D:4      | Killed from afar by Blork the orc

Vault maps used:
D:1:      dpeg_arrival_subterranean_lakeside_camping, minmay_lizard_king
D:2:      lemuel_coloured_pillars_altar
D:3:      lemuel_round_altar, minivault_4, nrook_uturn, serial_bayou_lagoon_a
D:4:      kennysheep_mini, first_bread, portal_sewer_entry_a, uniq_menkaure,
          uniq_blork_the_orc, uniq_edmund

Action                   |  1- 3 |  4- 6 || total
-------------------------+-------+-------++-------
Melee: Short sword       |   137 |   101 ||   238
Throw: Large rock        |    64 |    30 ||    94
       Throwing net      |     5 |     2 ||     7
       Javelin           |     1 |    16 ||    17
       Stone             |       |     5 ||     5
  Use: Scroll            |     5 |     4 ||     9
       Potion            |       |     7 ||     7
  Eat: Chunk             |    10 |     8 ||    18
       Bread ration      |       |     2 ||     2
